 Dungeon Sprint DCSS version 0.31-a0-876-gfe8ebadbca (webtiles) character file.

Game seed: 9882067446983074296

128 sircluck the Ruffian (level 4, -3/50 HPs)
             Began as a Troll Berserker on Oct 13, 2023.
             Was a Priest of Trog.
             Killed from afar by a deep elf pyromancer (10 damage)
             ... with a bolt of fire
             ... in the Dungeon (Sprint III: "The Ten Rune Challenge").
             The game lasted 00:00:42 (179 turns).

sircluck the Ruffian (Troll Berserker)               Turns: 179, Time: 00:00:43

Health: -3/50      AC:  6    Str: 27    XL:     4   Next: 87%
Magic:  3/3        EV: 11    Int:  3    God:    Trog [***...]
Gold:   22         SH:  0    Dex:  9    Spells: 3/3 levels left

rFire   + .          .
                       - Unarmed
rCold   . . .        (no shield)
rNeg    . . .        a - +0 animal skin
rPois   .            (helmet restricted)
rElec   .            i - +1 cloak
rCorr   .            (gloves unavailable)
SInv    .            (boots unavailable)
Will    .....        (no amulet)
Stlth   +            (no ring)
HPRegen 1.08/turn    (no ring)
MPRegen 0.08/turn

%: no teleportation
@: no status effects
A: large, unfitting armour, claws 3, regeneration 1, shaggy fur 1, tough skin 1,
fire resistance 1
a: Renounce Religion, Berserk, Trog's Hand


You were in the Dungeon.
You worshipped Trog.
Trog was most pleased with you.
You visited 1 branch You collected 22 gold pieces.

Inventory:

Armour
 a - a +0 animal skin (worn)
 i - a +1 cloak (worn)
Scrolls
 g - a scroll of blinking
 h - 3 scrolls of identify {unknown}
 k - a scroll of torment {unknown}
 m - a scroll of immolation {unknown}
Potions
 b - 2 potions of curing
 c - a potion of heal wounds
 d - a potion of haste
 e - 2 potions of magic
 f - a potion of berserk rage
 l - 4 potions of enlightenment


   Skills:
 + Level 5.3 Fighting
 + Level 5.2 Dodging
 + Level 6.3 Unarmed Combat


You had 3 spell levels left.
You didn't know any spells.
Your spell library was empty.

Dungeon Overview and Level Annotations

Branches:
Dungeon (1/1)

Altars:
Elyvilon
Zin
The Shining One


Innate Abilities, Weirdness & Mutations

You are too large for most types of armour.
You have claws for hands.
Your natural rate of healing is unusually fast.
You are covered in fur. (AC +1)
You have tough skin. (AC +1)
Your flesh is heat resistant. (rF+)


Message History

The fire elemental is heavily damaged.
The fire elemental hits you. The fire elemental burns you! You resist.
You miss the fire elemental.
The fire elemental is heavily damaged.
The deep elf pyromancer points at you and mumbles some strange words.
The bolt of fire hits you! You resist. The fire elemental hits you.
The fire elemental burns you! You resist.
You scratch the fire elemental but do no damage.
The fire elemental is heavily damaged.
The deep elf pyromancer hits you with a +1 long sword of holy wrath!
The fire elemental barely misses you.
You are too injured to fight recklessly!
You are too injured to fight recklessly!
You are too injured to fight recklessly!
You are too injured to fight recklessly!
You are too injured to fight recklessly!
You are too injured to fight recklessly!
You are too injured to fight recklessly!
You mangle the deep elf pyromancer!!
The deep elf pyromancer is heavily wounded.
The fire elemental hits you. The fire elemental burns you! You resist.
The deep elf pyromancer hits you but does no damage.
You closely miss the deep elf pyromancer.
The deep elf pyromancer is heavily wounded.
The fire elemental hits you. The fire elemental burns you! You resist.
* * * LOW HITPOINT WARNING * * *
The deep elf pyromancer completely misses you.
You claw the deep elf pyromancer!
The deep elf pyromancer is severely wounded.
The fire elemental hits you. The fire elemental burns you! You resist.
* * * LOW HITPOINT WARNING * * *
The deep elf pyromancer casts a spell at you.
The bolt of fire misses you.
You closely miss the deep elf pyromancer.
The deep elf pyromancer is severely wounded.
The fire elemental hits you. The fire elemental burns you! You resist.
* * * LOW HITPOINT WARNING * * *
The deep elf pyromancer gestures at you while chanting.
The bolt of fire hits you! You resist.
You die...

▓▓▓▓▓▓▓ ▓▓▓ ..'...♣♣♣
♣.##### ..#.....♣♣
♣.#E__# ###....♣.♣
♣.#e@.#
..#....).♣♣♣♣.###'#+###+#
..#...~~♣..♣♣.#..........
..#..~~~~.....'.⌠........
#'#..~≈≈~~~♣♣.#...######+
).#.~~≈~~~....#.⌠.#
..#.~≈~~~.....#...#
..#.~~~.......#+###
###...........#


You could see a deep elf pyromancer and a fire elemental (summoned).

Vanquished Creatures
  A water elemental (D)
  Crazy Yiuf (D)
  Jessica (D)
  A human (D)
  3 rats (D)
7 creatures vanquished.

Notes
Turn   | Place    | Note
-------+----------+-------------------------------------------
     0 | D        | sircluck the Troll Berserker began the quest for the Orb.
     0 | D        | Reached XP level 1. HP: 22/22 MP: 0/0
    10 | D        | Noticed Jessica
    15 | D        | Reached ** piety under Trog
    17 | D        | Killed Jessica
    18 | D        | Reached skill level 4 in Unarmed Combat
    18 | D        | Reached XP level 2. HP: 20/32 MP: 1/1
    60 | D        | Reached XP level 3. HP: 25/39 MP: 2/2
    76 | D        | Noticed Crazy Yiuf
    86 | D        | Killed Crazy Yiuf
    86 | D        | Reached *** piety under Trog
    87 | D        | Reached skill level 5 in Unarmed Combat
    87 | D        | Reached XP level 4. HP: 46/49 MP: 3/3
   108 | D        | Gained mutation: Your body sometimes deteriorates upon
                  | taking damage. [potion of mutation]
   109 | D        | Lost mutation: Your body sometimes deteriorates upon taking
                  | damage. [potion of mutation]
   109 | D        | Gained mutation: You are clumsy. (Dex -2) [potion of
                  | mutation]
   109 | D        | Gained mutation: You have a pair of small antennae on your
                  | head. [potion of mutation]
   109 | D        | Gained mutation: Your flesh is heat resistant. (rF+)
                  | [potion of mutation]
   109 | D        | Gained mutation: Your spells are a little harder to cast,
                  | but a little more powerful. [potion of mutation]
   110 | D        | Lost mutation: You are clumsy. (Dex -2) [potion of
                  | mutation]
   110 | D        | Lost mutation: You have a pair of small antennae on your
                  | head. [potion of mutation]
   110 | D        | Lost mutation: Your spells are a little harder to cast, but
                  | a little more powerful. [potion of mutation]
   125 | D        | Noticed a water elemental
   128 | D        | Killed a water elemental
   129 | D        | Reached skill level 5 in Fighting
   129 | D        | Reached skill level 5 in Dodging
   129 | D        | Reached skill level 6 in Unarmed Combat
   170 | D        | Found a glowing silver altar of Zin.
   170 | D        | Found a glowing golden altar of the Shining One.
   170 | D        | Found a white marble altar of Elyvilon.
   171 | D        | Noticed a deep elf pyromancer
   172 | D        | Noticed a fire elemental
   179 | D        | Killed from afar by a deep elf pyromancer

Illustrated notes

Levels and vault maps discovered:
D:        dungeon_sprint_mu [sprint_mu_entry_forest, sprint_mu_temple_rooms,
          sprint_mu_d1_horrors, sprint_mu_d2_genie, sprint_mu_d3_branching,
          sprint_mu_orc_legion, sprint_mu_elf_gauntlet, sprint_mu_hive_nellie,
          sprint_mu_lair_fedhas, sprint_mu_vaults_butterflies,
          sprint_mu_slime_circle, sprint_mu_swamp_cave, sprint_mu_snake_twists,
          sprint_mu_blade_basic, sprint_mu_crypt_fortress,
          sprint_mu_tomb_spiral, sprint_mu_vestibule_basic,
          sprint_mu_gehenna_hellfire, sprint_mu_dis_giant,
          sprint_mu_tartarus_statrot, sprint_mu_cocytus_islands, sprint_mu_zot1]

Skill      XL: |  1  2  3  4 |
---------------+-------------+-----
Fighting       | 3 4 5 |  5.3
Dodging        | 3 4 5 |  5.2
Unarmed Combat | 4 5 6 |  6.3

Action                     |  1- 3 |  4- 6 || total
---------------------------+-------+-------++-------
  Melee: Unarmed           |    24 |     9 ||    33
 Invoke: Berserk           |       |     1 ||     1
    Use: Potion            |       |     3 ||     3
   Stab: Sleeping          |     1 |       ||     1
 Armour: Animal skin       |     9 |    17 ||    26
  Dodge: Dodged            |     9 |     5 ||    14

Table legend: (Time is in decaauts)
 A = Elapsed time spent in this place.
 B = Non-inter-level travel time spent in this place.
 C = Inter-level travel time spent in this place.
 D = Time resting spent in this place.
 E = Time spent auto-exploring this place.
 F = Levels seen in this place.
 G = Mean time per level.
                   A        B        C        D        E       F      G
               +--------+--------+--------+--------+--------+-----+--------+
         Total |    186 |    186 |      0 |     48 |     75 |   1 |  186.0 |
       Dungeon |    186 |    186 |      0 |     48 |     75 |   1 |  186.0 |
               +--------+--------+--------+--------+--------+-----+--------+

Top non-repeatable levels by time:
       D: 186 daAuts
